 Dungeon Crawl Stone Soup version 0.26-a0-466-g989023bd0d (webtiles) character file.

Game seed: 906616911239921537

735 Tranquillity the Ruffian (level 7, -7/61 HPs)
             Began as a Troll Earth Elementalist on Aug 12, 2020.
             Mangled by an orc warrior
             ... wielding a +0 trident
              (20 damage)
             ... on level 5 of the Dungeon.
             The game lasted 00:11:19 (3856 turns).

Tranquillity the Ruffian (Troll Earth Elementalist) Turns: 3856, Time: 00:11:20

Health: -7/61      AC:  6    Str: 19    XL:     7   Next: 45%
Magic:  9/9        EV: 10    Int: 11    God:
Gold:   209        SH:  5    Dex: 10    Spells: 4/10 levels left

rFire    . . .     SeeInvis .     - Unarmed
rCold    . . .     Faith    .   (no shield)
rNeg     . . .     Spirit   .   c - +0 robe
rPois    .         Reflect  +   (helmet restricted)
rElec    .         Harm     .   (no cloak)
rCorr    .                      (gloves unavailable)
MR       .....                  (boots unavailable)
Stlth    +.........             e - amulet of reflection
HPRegen  0.60/turn              v - ring of wizardry
MPRegen  0.11/turn              (no ring)

@: no status effects
A: large, unfitting armour, claws 3, regeneration 1, shaggy fur 1, tough skin 3
a: no special abilities


You were on level 5 of the Dungeon.
You visited 1 branch of the dungeon, and saw 5 of its levels.
You also visited: Sewer.

You collected 209 gold pieces.

Inventory:

Hand Weapons
 f - a +2 spear of venom
Missiles
 b - 167 stones (quivered)
 d - a throwing net
 h - 7 atropa-tipped darts
Armour
 c - a +0 robe (worn)
Jewellery
 e - an amulet of reflection (around neck)
 v - a ring of wizardry (left claw)
Scrolls
 a - 3 scrolls of remove curse
 g - 2 scrolls of random uselessness {unknown}
 i - 3 scrolls of teleportation {unknown}
 m - a scroll of fog {unknown}
 n - a scroll of fear {unknown}
 o - 2 scrolls of blinking
 r - 2 scrolls of enchant weapon {unknown}
Potions
 j - a potion of flight
 k - 4 potions of heal wounds
 l - a potion of ambrosia {unknown}
 p - 2 potions of magic
 q - a potion of resistance {unknown}
 t - a potion of haste {unknown}
 u - a potion of invisibility {unknown}


   Skills:
 + Level 0.6 Fighting
 + Level 0.7 Throwing
 - Level 1.6 Dodging
 - Level 1.0 Stealth
 + Level 5.6 Unarmed Combat
 * Level 2.3 Spellcasting
 * Level 2.4 Transmutations
 * Level 3.9 Earth Magic


You had 4 spell levels left.
You knew the following spells:

 Your Spells              Type           Power        Failure   Level
a - Sandblast             Erth           #.....       2%          1
b - Passwall              Tmut/Erth      #.......     4%          2
c - Stone Arrow           Conj/Erth      #.....       16%         3

Your spell library contained the following spells:

 Spells                   Type           Power        Failure   Level
 Petrify                  Tmut/Erth      #.......     30%         4
 Lee's Rapid Deconstruct  Erth           #.........   52%         5


Dungeon Overview and Level Annotations

Branches:
Dungeon (5/15)              Sewer (visited)
 Temple: D:4-7

Altars:
Dithmenos
Okawaru
Qazlal
Sif Muna
Vehumet
Zin

Shops:
D:4 [   D:5 !

Annotations:
D:1 exclusion: downstairs
D:4 Yorgos's ghost, amateur DsMo


Innate Abilities, Weirdness & Mutations

You are too large for most types of armour.
You have claws for hands.
Your natural rate of healing is unusually fast.
You are covered in fur. (AC +1)
You have extremely tough skin. (AC +3)


Message History

The silver javelin barely misses the orc wizard.
The orc wizard casts a spell.
The orc wizard flickers and vanishes!
Deactivating autopickup; reactivate with Ctrl-A.
The orc warrior hits you from afar with a +0 trident!
The orc warrior completely misses you.
A worker ant comes into view.
Things that are here:
a +0 falchion; an orc corpse You closely miss the orc warrior.
The orc warrior is severely wounded.
The worker ant twitches its antennae in your direction.
The orc warrior hits you with a +0 trident!!
* * * LOW HITPOINT WARNING * * *
You closely miss the orc warrior.
The orc warrior is severely wounded.
The orc warrior hits you with a +0 trident.
* * * LOW HITPOINT WARNING * * *
The orc warrior hits you from afar with a +0 trident!!
You die...

........# ###..
.......##. ### #####....
....>..... >... .......
##......... ............
.......... # ...#.
#..####........# ... ...
#.##........⌠.⌠
.....#a###....#..#....∩.
..(....o)@....##.#...⌠.⌠
.)..)#.######....#....#
... #. ###....# . ##
#.<.## #...# #..## ....
..... #.#####


You could see an orc warrior and a worker ant.

Vanquished Creatures
  An ogre (D:5)
  2 big kobolds (Sewer)
  A howler monkey (D:4)
  4 orc wizards
  An orc priest (D:5)
  Jessica (D:2)
  An iguana (D:4)
  A hound skeleton (D:5)
  Robin (D:2)
  4 gnolls (D:4)
  2 river rats (Sewer)
  6 adders
  3 oozes
  4 worms
  A dart slug (D:1)
  2 leopard geckos
  15 orcs
  6 ball pythons
  2 giant cockroaches (D:1)
  10 goblins
  11 hobgoblins
  12 bats
  8 frilled lizards
  10 kobolds
  13 rats
122 creatures vanquished.

Notes
Turn   | Place    | Note
-------+----------+-------------------------------------------
     0 | D:1      | Tranquillity the Troll Earth Elementalist began the quest
                  | for the Orb.
     0 | D:1      | Reached XP level 1. HP: 16/16 MP: 1/1
   109 | D:1      | Reached XP level 2. HP: 24/24 MP: 3/3
   501 | D:1      | Learned a level 2 spell: Passwall
   808 | D:2      | Noticed Robin
   812 | D:2      | Reached XP level 3. HP: 31/31 MP: 4/4
   830 | D:2      | Reached skill level 1 in Unarmed Combat
   833 | D:2      | Reached skill level 1 in Transmutations
  1091 | D:2      | Reached skill level 2 in Unarmed Combat
  1091 | D:2      | Reached XP level 4. HP: 39/39 MP: 5/5
  1272 | D:2      | Noticed Jessica
  1281 | D:2      | Killed Jessica
  1287 | D:2      | Found a radiant altar of Vehumet.
  1340 | D:2      | Found a glowing silver altar of Zin.
  1341 | D:2      | Found an iron altar of Okawaru.
  1365 | D:2      | Killed Robin
  1589 | D:3      | Found a glowing drain.
  1596 | D:3      | Reached XP level 5. HP: 44/45 MP: 6/6
  1640 | Sewer    | Entered a sewer
  1776 | Sewer    | Reached skill level 3 in Unarmed Combat
  1930 | Sewer    | Reached skill level 4 in Unarmed Combat
  1930 | Sewer    | Reached XP level 6. HP: 46/53 MP: 7/7
  2866 | D:4      | Learned a level 3 spell: Stone Arrow
  2909 | D:4      | Found a stormy altar of Qazlal.
  3177 | D:4      | Found a shimmering blue altar of Sif Muna.
  3251 | D:4      | Found a transporter.
  3299 | D:4      | Noticed Yorgos's ghost (amateur DsMo)
  3316 | D:4      | Found a transporter.
  3322 | D:4      | Found Weiwn's Armour Emporium.
  3748 | D:5      | Entered Level 5 of the Dungeon
  3748 | D:5      | Found Jiuxaasi's Distillery.
  3748 | D:5      | Found a shadowy altar of Dithmenos.
  3760 | D:4      | Reached XP level 7. HP: 42/61 MP: 9/9
  3807 | D:4      | Reached skill level 5 in Unarmed Combat
  3856 | D:5      | Mangled by an orc warrior

Illustrated notes

Levels and vault maps discovered:
D:1:      dpeg_arrival_arbitrary_b, layout_basic, minmay_pentomino_s4
D:2:      layout_rooms, lemuel_coloured_pillars_altar,
          gammafunk_temple_overflow_pools, uniq_jessica, uniq_robin
D:3:      layout_basic, cheibrodos_sewer_entry_sluice, serial_glass,
          glass_columns_a, glass_columns_c
D:4:      layout_gridville, grunt_qazlal_sundering, serial_shops,
          kennysheep_little_box, gammafunk_ghost_gnarly_gnolls,
          hangedman_abyss_or_decor_jellyfish_corner, lemuel_altar_in_water
D:5:      layout_rooms, nicolae_overflow_hidden_temple,
          minmay_temple_entry_trees, serial_shops, shop_fountains,
          kennysheep_generic_room_9

Skill      XL: |  1  2  3  4  5  6  7 |
---------------+----------------------+-----
Earth Magic    | 3 |  3.9
Unarmed Combat | 2 4 5 |  5.6
Transmutations | 1 2 |  2.4
Spellcasting   | 2 |  2.3
Fighting       | |  0.6
Throwing       | |  0.7
Dodging        | |  1.6
Stealth        | |  1.0

Action                   |  1- 3 |  4- 6 |  7- 9 || total
-------------------------+-------+-------+-------++-------
Melee: Unarmed           |   122 |   240 |    26 ||   388
       Punch             |       |     2 |     1 ||     3
Throw: Stone             |     3 |       |       ||     3
       Javelin           |       |       |     7 ||     7
  Use: Potion            |     1 |     1 |       ||     2
       Scroll            |       |     5 |       ||     5
 Stab: Sleeping          |     3 |     1 |       ||     4
       Distracted        |     1 |       |       ||     1
Armor: Robe              |    63 |    54 |     9 ||   126
Dodge: Dodged            |    78 |   106 |    12 ||   196
Block: Other             |    15 |    39 |     2 ||    56

Table legend: (Time is in decaauts)
 A = Elapsed time spent in this place.
 B = Non-inter-level travel time spent in this place.
 C = Inter-level travel time spent in this place.
 D = Time resting spent in this place.
 E = Time spent auto-exploring this place.
 F = Levels seen in this place.
 G = Mean time per level.
                   A        B        C        D        E       F      G
               +--------+--------+--------+--------+--------+-----+--------+
         Total |   3931 |   3632 |    299 |    413 |   2310 |   6 |  655.2 |
       Dungeon |   3332 |   3033 |    299 |    251 |   2043 |   5 |  666.4 |
         Sewer |    599 |    599 |      0 |    162 |    267 |   1 |  599.0 |
               +--------+--------+--------+--------+--------+-----+--------+

Top non-repeatable levels by time:
     D:4: 946 daAuts
     D:1: 794 daAuts
     D:3: 784 daAuts
     D:2: 751 daAuts
   Sewer: 599 daAuts
     D:5: 55 daAuts
